 Dungeon Crawl Stone Soup version 0.30.1-4-g462c640d31 (webtiles) character file.

Game seed: 16037602188463161695

124889 klappster the Executioner (level 16, -1/165 HPs)
             Began as a Minotaur Berserker on Sept 3, 2023.
             Was a High Priest of Trog.
             Succumbed to a sea snake's poison
             ... on level 4 of the Snake Pit.
             The game lasted 01:37:38 (45091 turns).

klappster the Executioner (Minotaur Berserker)     Turns: 45091, Time: 01:37:39

Health: -1/165     AC: 31    Str: 28    XL:     16   Next: 40%
Magic:  15/15      EV: 10    Int:  4    God:    Trog [*****.]
Gold:   792        SH:  5    Dex: 12    Spells: 15/15 levels left

rFire   . . .        U - +6 executioner's axe (heavy)
rCold   . . .        (shield currently unavailable)
rNeg    . . .        S - +3 plate armour {rPois}
rPois   +            (helmet restricted)
rElec   .            I - +2 cloak
rCorr   .            X - +1 pair of gloves {hurl}
SInv    .            W - +2 pair of boots {Stlth+}
Will    +....        H - amulet of reflection Stlth
                     n - +4 ring of protection
HPRegen 0.47/turn    J - ring of poison resistance
MPRegen 0.14/turn

%: reflection
@: lethally poisoned (-1 -> -29), weakened
A: horns 2, retaliatory headbutt
a: Renounce Religion, Berserk, Trog's Hand, Brothers in Arms


You were on level 4 of the Snake Pit.
You worshipped Trog.
Trog was extremely pleased with you.
You visited 4 branches of the dungeon, and saw 26 of its levels.

You collected 2832 gold pieces.
You spent 2040 gold pieces at shops.

Inventory:

Hand Weapons
 A - a +3 antimagic battleaxe
 U - a +6 heavy executioner's axe (weapon)
 Z - a +4 broad axe
Missiles
 j - 11 throwing nets (quivered)
Armour
 I - a +2 cloak (worn)
 S - a +3 plate armour of poison resistance (worn)
 W - a +2 pair of boots of stealth (worn)
 X - a +1 pair of gloves of hurling (worn)
Jewellery
 a - an amulet of magic regeneration
 d - a ring of fire
 g - an amulet of regeneration
 n - a +4 ring of protection (left hand)
 x - a ring of protection from cold
 B - a +6 ring of strength
 D - a ring of see invisible
 F - a +6 ring of strength
 G - a ring of protection from fire
 H - an amulet of reflection (around neck)
 J - a ring of poison resistance (right hand)
 L - a +4 ring of protection
 R - a ring of flight
Wands
 o - a wand of flame (11)
 t - a wand of light (6)
 y - a wand of charming (11)
 N - a wand of roots (3)
Scrolls
 b - 3 scrolls of fear
 h - 12 scrolls of identify
 i - 4 scrolls of fog
 q - 4 scrolls of teleportation
 v - 7 scrolls of magic mapping
 w - a scroll of summoning
 E - a scroll of blinking
 K - a scroll of brand weapon
 P - a scroll of silence {unknown}
 T - 4 scrolls of poison
Potions
 c - 9 potions of heal wounds
 e - a potion of berserk rage
 f - 7 potions of haste
 k - 4 potions of flight
 m - 3 potions of magic
 p - 3 potions of invisibility
 s - 16 potions of curing
 u - a potion of might
 z - a potion of ambrosia
 C - a potion of resistance
 M - a potion of cancellation
 O - 2 potions of brilliance
Miscellaneous
 l - a piece from Xom's chessboard (15/15)
 r - a phantom mirror


   Skills:
 * Level 20.9 Fighting
 - Level 25.1 Axes
 * Level 10.9 Armour
 + Level 7.2 Dodging


You had 15 spell levels left.
You didn't know any spells.
Your spell library was empty.

Dungeon Overview and Level Annotations

Branches:
Dungeon (15/15)            Temple (0/1) D:7            Lair (5/5) D:10
 Shoals (0/4) Lair:2        Snake (4/4) Lair:2        Slime (0/5) Lair:4
    Orc (2/2) D:11            Elf (0/3) Orc:2        Vaults (0/5) D:14
 Depths (0/4) D:15

Altars:
Cheibriados
Dithmenos
Elyvilon
Fedhas
Hepliaklqana
Ru
Sif Muna
Trog
Wu Jian
Jiyva

Shops:
D:8 =   D:11 (   Orc:2 *=*[*[   Snake:3 *[*[

Portals:
Trove: D:13 (give +4 shadow dragon scales)

Annotations:
D:12 2 transporters, Mocet's ghost, journeyman GnVM
Lair:3 exclusion: orange crystal statue
Lair:5 exclusion: obsidian statue


Innate Abilities, Weirdness & Mutations

You have a pair of horns on your head.
You reflexively headbutt those who attack you in melee.


Message History

You chop the salamander into pieces!!!
The salamander hits you from afar with a +0 glaive.
You are engulfed in flames!
The salamander tyrant gazes fiercely through you!
You feel as though you will be weak longer.
The salamander tyrant closely misses you.
The salamander hits you from afar with a +0 glaive.
You are engulfed in flames!
You slash the salamander tyrant!
The salamander tyrant is severely wounded.
You slice the salamander!!
You kill the salamander!
Trog accepts your kill.
You slice the sea snake like a ripe choko!!!
The sea snake bites you!
* * * LOW HITPOINT WARNING * * *
You block the salamander tyrant's attack.
The sea snake bites you but does no damage.
The salamander hits you from afar with a +0 glaive.
* * * LOW HITPOINT WARNING * * *
You are engulfed in flames!
* * * LOW HITPOINT WARNING * * *
The salamander attacks as you move away!
The salamander hits you but does no damage.
The sea snake attacks as you move away! The sea snake bites you.
* * * LOW HITPOINT WARNING * * *
You are lethally poisoned!
The sea snake poisons you!
* * * LOW HITPOINT WARNING * * *
You feel extremely sick.
The salamander wields a +2 shortbow of flaming.
It bursts into flame!
The salamander shoots an arrow.
The arrow barely misses you.
The salamander tyrant gazes fiercely through you!
You feel as though you will be weak longer.
* * * LOW HITPOINT WARNING * * *
You feel extremely sick.
The sea snake bites you but does no damage.
There is a stone staircase leading up here.
You die...

##..# .. ## ##.....
.##... .#...... ..#...
......# .... ....
#....# ... .....
##...##.# ..... ####(
#†)).###.....
#...[.#NN@........# ..#
#....NS.##......#....
#...)..........##...
#...........#..##.....
~P~PP~~......##....# ..
~P~P~PP...........##...
≈~P~~~~................
P~~PP~~..^.............
~~~P~~P................


You could see a salamander tyrant, a sea snake and 2 salamanders.

Vanquished Creatures
  Agnes (Snake:2)
  Nessos (D:15)
  2 dire elephants (Lair:5)
  The ghost of Sensen the Fighter, a journeyman DgEE (Lair:4)
  2 ice dragons (D:15)
  A vault guard (D:14)
  Harold (Lair:2)
  A salamander tyrant (Snake:3)
  5 hydras
  A rakshasa (D:14)
  A catoblepas (Lair:5)
  4 ogre magi
  7 centaur warriors
  5 anacondas
  19 two-headed ogres
  The ghost of Flure the Martial Artist, a journeyman MeTm of Gozag (Lair:4)
  2 boulder beetles
  2 naga warriors
  2 tengu warriors (D:14)
  5 naga sharpshooters
  An orc high priest (Orc:1)
  Sonja (Lair:3)
  4 shock serpents
  A fire crab (D:14)
  3 salamander mystics
  2 skysharks (Lair:3)
  A spectral anaconda (Lair:5)
  A spectral death yak (Lair:5)
  4 sea snakes
  4 naga ritualists
  A lindwurm (Lair:3)
  3 necromancers (Lair:5)
  2 orc knights
  3 deep elf pyromancers
  6 cyclopes
  7 mana vipers
  2 orc sorcerers
  6 salamanders
  10 ugly things
  17 elephants
  2 manticores
  10 cane toads
  A guardian serpent (Snake:2)
  Joseph (D:7)
  5 naga magi
  Maurice (D:8)
  Maggie (Lair:1)
  26 black mambas
  3 gargoyles
  A rime drake (Lair:5)
  2 kobold demonologists (D:13)
  A freezing wraith (D:14)
  4 tengu conjurers (D:14)
  6 komodo dragons
  4 merfolk (Lair:2)
  3 trolls
  3 meliai (D:13)
  A polar bear (Lair:3)
  A spectral elephant (Lair:5)
  A hornet (D:8)
  2 blink frogs (Lair:1)
  19 dream sheep (Lair:5)
  9 slime creatures
  2 wraiths (D:10)
  2 wyverns
  2 vampires
  62 yaks
  A human (shapeshifter) (D:15)
  5 basilisks
  2 death yak simulacra (Lair:5)
  3 steam dragons
  7 vampire mosquitoes
  18 nagas
  2 spectral cane toads (Lair:5)
  2 acid dragons
  11 water moccasins
  A warg (Orc:1)
  17 orc warriors
  2 ice beasts
  2 sky beasts (D:7)
  25 ogres
  16 wolves
  2 centaurs (D:14)
  12 bullfrogs
  4 kobold brigands
  A cane toad simulacrum (Lair:5)
  3 scorpions
  21 wights
  16 killer bees
  An elephant simulacrum (Lair:5)
  A howler monkey (D:4)
  6 electric eels
  13 orc priests
  3 hounds
  6 jellies
  4 gnoll boudas
  Jessica (D:2)
  A sleepcap (D:5)
  Natasha (thrice) (D:2)
  5 iguanas
  7 hell rats (Lair:4)
  19 orc wizards
  Robin (D:2)
  8 adders
  17 gnolls
  A shadow imp (D:7)
  A white imp (D:6)
  An ufetubus (D:5)
  4 worms
  A dart slug (D:5)
  57 orcs
  9 ball pythons
  8 endoplasms
  4 giant cockroaches
  16 goblins
  5 hobgoblins
  6 quokkas
  2 bats
  A frilled lizard (D:1)
  27 kobolds
  3 rats
733 creatures vanquished.

Vanquished Creatures (others)
  An electric eel (Snake:1)
1 creature vanquished.

Grand Total: 734 creatures vanquished

Notes
Turn   | Place    | Note
-------+----------+-------------------------------------------
     0 | D:1      | klappster the Minotaur Berserker began the quest for the
                  | Orb.
     0 | D:1      | Reached XP level 1. HP: 19/19 MP: 0/0
    78 | D:1      | Reached skill level 4 in Axes
   109 | D:1      | Reached XP level 2. HP: 27/27 MP: 1/1
   884 | D:2      | Noticed Jessica
   890 | D:2      | Killed Jessica
   891 | D:2      | Reached XP level 3. HP: 33/33 MP: 2/2
   945 | D:2      | Reached skill level 5 in Axes
  2488 | D:2      | Noticed Natasha
  2498 | D:2      | Killed Natasha
  2499 | D:2      | Reached XP level 4. HP: 12/41 MP: 3/3
  3235 | D:2      | Noticed Robin
  3251 | D:2      | Killed Robin
  3537 | D:2      | Noticed Natasha
  3544 | D:2      | Killed Natasha
  3545 | D:2      | Reached skill level 6 in Axes
  3601 | D:2      | Found a sacrificial altar of Ru.
  3606 | D:2      | Reached XP level 5. HP: 41/47 MP: 4/4
  3662 | D:2      | Noticed Natasha
  3674 | D:2      | Killed Natasha
  3675 | D:2      | Reached skill level 5 in Fighting
  4094 | D:2      | Reached ** piety under Trog
  4434 | D:3      | Found a faded altar of an unknown god.
  5153 | D:4      | Reached skill level 7 in Axes
  5153 | D:4      | Reached XP level 6. HP: 56/56 MP: 5/5
  5407 | D:4      | Found an ornate altar of the Wu Jian Council.
  5725 | D:5      | Entered Level 5 of the Dungeon
  5736 | D:5      | Noticed an ice beast
  5748 | D:5      | Killed an ice beast
  5749 | D:5      | Reached skill level 8 in Axes
  5751 | D:5      | Reached XP level 7. HP: 62/63 MP: 6/6
  6076 | D:5      | Found a snail-covered altar of Cheibriados.
  6211 | D:5      | Reached skill level 9 in Axes
  6328 | D:5      | You fall into a shaft and drop 3 floors!
  6341 | D:8      | Noticed a yak
  6346 | D:8      | Noticed a yak
  6406 | D:7      | Reached XP level 8. HP: 35/73 MP: 7/7
  6420 | D:7      | Reached skill level 10 in Axes
  6889 | D:7      | Found a staircase to the Ecumenical Temple.
  7006 | D:6      | Found a hazy altar of Hepliaklqana.
  7006 | D:6      | Found a blossoming altar of Fedhas.
  7123 | D:6      | Reached skill level 11 in Axes
  7130 | D:6      | Reached *** piety under Trog
  7696 | D:6      | Reached skill level 12 in Axes
  7696 | D:6      | Reached XP level 9. HP: 59/82 MP: 8/8
  8791 | D:7      | Noticed Joseph
  8805 | D:7      | Killed Joseph
  8806 | D:7      | Reached skill level 13 in Axes
  9976 | D:8      | Noticed a two-headed ogre
  9982 | D:8      | Killed a two-headed ogre
  9983 | D:8      | Reached skill level 10 in Fighting
 10446 | D:8      | Reached skill level 14 in Axes
 10899 | D:8      | Reached **** piety under Trog
 10909 | D:8      | Reached XP level 10. HP: 82/94 MP: 9/9
 11019 | D:8      | Noticed Maurice
 11021 | D:8      | Killed Maurice
 11080 | D:8      | Found a bloodstained altar of Trog.
 11201 | D:8      | Reached skill level 15 in Axes
 11399 | D:8      | Paralysed by a hornet for 1 turns
 11602 | D:8      | Found Yjipuli's Jewellery Boutique.
 11605 | D:8      | Bought a +6 ring of strength for 396 gold pieces
 11880 | D:9      | Reached skill level 16 in Axes
 11927 | D:9      | Found a white marble altar of Elyvilon.
 12240 | D:9      | Reached XP level 11. HP: 93/104 MP: 10/10
 12340 | D:9      | Reached ***** piety under Trog
 13206 | D:10     | Entered Level 10 of the Dungeon
 13328 | D:10     | Reached skill level 17 in Axes
 13862 | D:10     | Found a staircase to the Lair.
 14493 | D:11     | Found a staircase to the Orcish Mines.
 14493 | D:11     | Noticed an orc knight
 14494 | D:11     | Found Bel Ferph's Weapon Emporium.
 14500 | D:11     | Reached skill level 18 in Axes
 14502 | D:11     | Killed an orc knight
 14570 | D:11     | Noticed a two-headed ogre
 14576 | D:11     | Killed a two-headed ogre
 14952 | D:11     | Noticed a two-headed ogre
 14963 | D:11     | Killed a two-headed ogre
 15383 | D:11     | Identified the +8 dire flail "Lihauteo" {venom, rPois
                  | Dex+3}
 15633 | Lair:1   | Entered Level 1 of the Lair of Beasts
 15659 | Lair:1   | Reached XP level 12. HP: 104/116 MP: 11/11
 15665 | Lair:1   | Reached skill level 19 in Axes
 15991 | Lair:1   | Noticed Maggie
 15996 | Lair:1   | Killed Maggie
 16185 | Lair:1   | Received a gift from Trog
 17103 | Lair:2   | Noticed Harold
 17104 | Lair:2   | Reached skill level 20 in Axes
 17111 | Lair:2   | Killed Harold
 17779 | Lair:2   | Found a staircase to the Shoals.
 17784 | Lair:2   | Reached skill level 15 in Fighting
 18703 | Lair:2   | Found a staircase to the Snake Pit.
 19496 | Lair:3   | Reached skill level 21 in Axes
 19499 | Lair:3   | Reached XP level 13. HP: 127/127 MP: 9/12
 19894 | Lair:3   | Noticed Sonja
 19906 | Lair:3   | Killed Sonja
 20893 | Lair:4   | Found a viscous altar of Jiyva.
 20893 | Lair:4   | Found a staircase to the Slime Pits.
 20976 | Lair:4   | Received a gift from Trog
 21031 | Lair:4   | Found a runed translucent gate.
 21037 | Lair:4   | Found a runed translucent gate.
 21059 | Lair:4   | Found a runed translucent gate.
 21417 | Lair:4   | Noticed Sensen's ghost (journeyman DgEE)
 21417 | Lair:4   | Noticed Flure's ghost (journeyman MeTm)
 21448 | Lair:4   | Killed Flure's ghost
 21452 | Lair:4   | Killed Sensen's ghost
 21477 | Lair:4   | Identified the staff of fire "Pofritadong" {rF+ rC- Will+
                  | Int+3}
 21546 | Lair:5   | Entered Level 5 of the Lair of Beasts
 21552 | Lair:5   | Reached skill level 22 in Axes
 22705 | Lair:5   | Received a gift from Trog
 22707 | Lair:5   | Reached skill level 23 in Axes
 22934 | Lair:5   | Noticed a dire elephant
 22935 | Lair:5   | Noticed a dire elephant
 23143 | Lair:5   | Reached XP level 14. HP: 140/140 MP: 13/13
 25250 | D:12     | Noticed Mocet's ghost (journeyman GnVM)
 25271 | D:12     | Found a transporter.
 25274 | D:12     | Found a transporter.
 25817 | Orc:1    | Entered Level 1 of the Orcish Mines
 26342 | Orc:1    | Received a gift from Trog
 26660 | Orc:2    | Entered Level 2 of the Orcish Mines
 26678 | Orc:2    | Reached skill level 24 in Axes
 31142 | Orc:2    | Found Duuschole's Assorted Antiques.
 31150 | Orc:2    | Bought a potion of curing for 87 gold pieces
 31152 | Orc:2    | Found a staircase to the Elven Halls.
 31173 | Orc:2    | Received a gift from Trog
 31295 | Orc:2    | Found Yzxaworph's Armour Shop.
 31795 | Orc:2    | Found Daanob's Antique Armour Emporium.
 31795 | Orc:2    | Found Plog's Assorted Antiques.
 31796 | Orc:2    | Found Biafoab's Jewellery Boutique.
 31796 | Orc:2    | Found Teriz's General Store.
 31807 | Orc:2    | Bought a ring of protection from fire for 275 gold pieces
 31808 | Orc:2    | Bought an amulet of reflection for 480 gold pieces
 31808 | Orc:2    | Bought a ring of poison resistance for 320 gold pieces
 31808 | Orc:2    | Bought a ring of flight for 280 gold pieces
 31809 | Orc:2    | Bought a pair of runed gloves for 202 gold pieces
 32191 | D:13     | Reached skill level 25 in Axes
 32288 | D:13     | Found a portal to a secret trove of treasure.
 32749 | D:13     | Reached XP level 15. HP: 128/150 MP: 14/14
 33491 | D:14     | Found a gate to the Vaults.
 33567 | D:14     | Reached skill level 5 in Armour
 34065 | D:14     | Identified the +7 mace of Crusades {flame, Fly rElec rC-
                  | Str+5}
 35297 | D:15     | Entered Level 15 of the Dungeon
 36471 | D:15     | Noticed Nessos
 36483 | D:15     | Killed Nessos
 39130 | D:15     | Found a shadowy altar of Dithmenos.
 39387 | D:15     | Found a staircase to the Depths.
 39637 | Snake:1  | Entered Level 1 of the Snake Pit
 39828 | Snake:1  | Reached skill level 5 in Dodging
 40945 | Snake:1  | Received a gift from Trog
 41476 | Snake:2  | Noticed Agnes
 41478 | Snake:2  | Killed Agnes
 41671 | Snake:2  | Reached XP level 16. HP: 130/163 MP: 15/15
 44118 | Snake:3  | Reached skill level 10 in Armour
 44141 | Snake:3  | Found Dotsinnu's Armour Boutique.
 44141 | Snake:3  | Found Vubb's General Store.
 44142 | Snake:3  | Found Amasaq's Armour Shop.
 44148 | Snake:3  | Found Uwouq's General Store.
 44396 | Snake:3  | Found a shimmering blue altar of Sif Muna.
 45057 | Snake:4  | Entered Level 4 of the Snake Pit
 45090 | Snake:4  | HP: 6/165 [poisoned by a sea snake]
 45091 | Snake:4  | Succumbed to a sea snake's poison

Illustrated notes

Levels and vault maps discovered:
D:1:      psy_arrival_heroes, layout_rooms, minmay_misc_feat_enclosed
D:2:      layout_basic, basic_altar, uniq_robin, uniq_natasha, uniq_jessica
D:3:      layout_rooms, hellmonk_ecumenical_altar_crossroads
D:4:      layout_loops_ring, nzn_wu_jian_contemplation
D:5:      layout_cave_pools, cheibriados_altar_1, uniq_crazy_yiuf_cottage
D:6:      layout_basic, jmf_multi_god_temple, gup_sewer_entry_spiral,
          nicolae_lava_and_water
D:7:      layout_layer_cave, minmay_temple_entry_offerings, uniq_joseph
D:8:      layout_basic, mainiacjoe_overflow_concentric_impassable, serial_shops,
          shop, enter_bailey_3, uniq_maurice
D:9:      layout_loops_ring, mainiacjoe_overflow_cross_hatched
D:10:     layout_roguey, lair_entry_dummy
D:11:     layout_loops_ring, orc_david_3
D:12:     layout_basic, gammafunk_ghost_mausoleum, amethyst_killhole,
          st_stairs_13
D:13:     layout_loops_cross, serial_aquarium, aquarium_bridge_square
          [aquarium_subvault_bridge, aquarium_subvault_bridge,
          aquarium_subvault_bridge, aquarium_subvault_wall],
          aquarium_bridge_long_joined [aquarium_subvault_bridge,
          aquarium_subvault_balcony, aquarium_subvault_bridge,
          aquarium_subvault_window, aquarium_subvault_window,
          aquarium_subvault_bridge], aquarium_window_corner,
          aquarium_window_fake, aquarium_view_2c, nicolae_trove_entry_diagonal,
          minmay_misc_feat_tiny
D:14:     layout_loops_ring, david_vaults_5, minmay_fountain_box
D:15:     grunt_enter_depths_hoard, layout_basic, chequers_mini_garden,
          nicolae_dithmenos_shadow_blocks, uniq_nessos
Lair:1:   layout_roguey, nzn_random_ring, grunt_megastairs_3, uniq_maggie
Lair:2:   layout_layer_cave, elwin_shoals_entry_rooms,
          guppyfry_snake_entry_island, serial_bayou_pond_b, uniq_harold
Lair:3:   layout_loops_ring, disabler_island, lemuel_fruit_tree,
          infiniplex_staircase_pool, uniq_sonja
Lair:4:   layout_regular_city, minmay_slime_entry_pillars,
          gammafunk_ghost_cemetery, serial_bayou, serial_bayou_pond_c,
          serial_bayou_lagoon_b, serial_bayou_lake_a, serial_bayou_pond_a,
          serial_bayou_crossing
Lair:5:   due_jungle_book, layout_misc_corridors
Snake:1:  layout_basic, nicolae_snake_snake_lake
Snake:2:  layout_gridlike, grunt_ministairs_4, nicolae_snake_double_loop,
          uniq_agnes
Snake:3:  layout_rooms, basic_altar, serial_bayou_pond_a, minmay_shoptagon
Snake:4:  grunt_snake_rune_pools, layout_cave_shapes, nicolae_snake_shapes,
          serial_bayou_shore_a
Orc:1:    layout_caves, lightli_volcano_entry_magma_tube
Orc:2:    st_orc_ogre_mass, layout_caves, serial_shops, shop, nicolae_shop_trees

Skill      XL: |  1  2  3  4  5  6  7  8  9 10 11 12 13 14 15 16 |
---------------+-------------------------------------------------+-----
Axes           | 4 5 6 7 8 9 12 14 16 18 21 23 25 | 25.1
Fighting       | 4 5 6 7 8 10 12 13 15 17 18 20 | 20.9
Armour         | 9 10 | 10.9
Dodging        | 6 7 |  7.2

Action                     |  1- 3 |  4- 6 |  7- 9 | 10-12 | 13-15 | 16-18 || total
---------------------------+-------+-------+-------+-------+-------+-------++-------
  Melee: Hand axe          |    60 |   135 |   175 |       |       |       ||   370
         Headbutt          |     7 |    17 |    49 |    60 |    87 |    18 ||   238
         Punch             |       |     4 |       |       |       |       ||     4
         Battleaxe         |       |       |    83 |   297 |       |       ||   380
         Executioner's axe |       |       |       |    67 |   525 |    93 ||   685
 Invoke: Berserk           |     1 |     2 |     2 |     5 |     4 |     2 ||    16
         Trog's Hand       |       |       |       |       |     4 |       ||     4
    Use: Potion            |     1 |       |       |       |     4 |       ||     5
         Scroll            |       |    12 |     4 |     8 |    12 |     1 ||    37
 Armour: Animal skin       |     8 |     5 |       |       |       |       ||    13
         Chain mail        |       |    49 |   112 |    11 |       |       ||   172
         Plate armour      |       |       |       |   194 |   493 |    76 ||   763
  Dodge: Dodged            |    35 |    81 |    92 |   123 |   279 |    56 ||   666
  Block: Other             |       |       |       |       |    54 |    31 ||    85
         Reflection        |       |       |       |       |    13 |     3 ||    16
